 Dungeon Crawl Stone Soup version 0.23.2-1-ga50397a (webtiles) character file.

Game seed: 9971431820503303797

798 IBeShadow the Caller (level 7, -12/52 HPs)
             Began as a Black Draconian Summoner on May 15, 2019.
             Was an Initiate of Ashenzari.
             Killed by nerve-wracking pain
             ... invoked by Grinder
              (14 damage)
             ... while paralysed by Grinder
             ... on level 5 of the Dungeon.
             The game lasted 00:14:52 (6645 turns).

IBeShadow the Caller (Black Draconian Summoner)     Turns: 6645, Time: 00:14:53

Health: -12/52     AC:  8    Str: 12    XL:     7   Next: 58%
Magic:  12/12      EV:  2    Int: 16    God:    Ashenzari [......]
Gold:   207        SH:  0    Dex: 11    Spells: 10/13 levels left

rFire    . . .     SeeInvis .   p - +0 spear
rCold    . . .     Gourm    .   j - +0 buckler (curse)
rNeg     . . .     Faith    .   (armour unavailable)
rPois    .         Spirit   .   (helmet restricted)
rElec    +         Reflect  .   u - +1 cloak
rCorr    +         Harm     .   (no gloves)
MR       +....     Rnd*Rage +   (no boots)
Stlth    ++........             f - amulet of magic regeneration
HPRegen  0.17/turn              c - ring of resist corrosion
MPRegen  0.38/turn              (no ring)

@: paralysed, short of breath, hasted
A: breathe lightning, unfitting armour, berserk 1, blink, frail 1, magic
resistance 1, electricity resistance, evolution 1, cold-blooded, AC +6
a: Breathe Lightning, Blink, Curse Item, Renounce Religion


You were on level 5 of the Dungeon.
You worshipped Ashenzari.
Ashenzari was noncommittal.
You were near starving.

You visited 2 branches of the dungeon, and saw 6 of its levels.

You collected 207 gold pieces.

Inventory:

Hand Weapons
 a - a +0 club
 o - a +0 halberd
 p - a +0 spear (weapon)
Armour
 j - a cursed +0 buckler (worn)
 u - a +1 cloak (worn)
Jewellery
 c - a ring of resist corrosion (left hand)
 f - an amulet of magic regeneration (around neck)
Scrolls
 d - 2 scrolls of remove curse
 e - a scroll of identify {unknown}
 h - 3 scrolls of teleportation {unknown}
 k - 2 scrolls of enchant weapon {unknown}
 m - a scroll of fog {unknown}
 n - a scroll of fear {unknown}
 r - a scroll of noise {unknown}
 t - 2 scrolls of enchant armour {unknown}
 v - a scroll of amnesia {unknown}
Potions
 g - a potion of flight {unknown}
 l - a potion of might {unknown}
 q - a potion of curing {unknown}
 w - a potion of heal wounds
Comestibles
 b - 7 rations


   Skills:
 + Level 3.9 Fighting
 * Level 4.0 Polearms
 - Level 1.7 Dodging
 - Level 1.7 Stealth
 + Level 2.9 Shields
 + Level 3.9 Spellcasting
 + Level 5.6 Summonings


You had 10 spell levels left.
You knew the following spells:

 Your Spells              Type           Power        Failure   Level  Hunger
a - Summon Small Mammal   Summ           ###.         1%          1    None
b - Call Imp              Summ           ###.....     3%          2    ##.....

Your spell library contained the following spells:

 Spells                   Type           Power        Failure   Level  Hunger
 Call Canine Familiar     Summ           ###.....     6%          3    ###....
 Summon Guardian Golem    Hex/Summ       ##......     19%         3    ###....
 Animate Skeleton         Necr           N/A          21%         1    None
 Pain                     Necr           #...         21%         1    None
 Regeneration             Chrm/Necr      #.........   52%         3    ###....
 Vampiric Draining        Necr           #.........   52%         3    ###....
 Summon Ice Beast         Ice/Summ       ##......     52%         4    ####...
 Summon Lightning Spire   Summ/Air       ##......     52%         4    ####...
 Animate Dead             Necr           N/A          89%         4    ####...


Dungeon Overview and Level Annotations

Branches:
Dungeon (5/15)             Temple (1/1) D:4

Altars:
Ashenzari
Cheibriados
Dithmenos
Fedhas
Gozag
Hepliaklqana
Kikubaaqudgha
Makhleb
Nemelex Xobeh
Okawaru
Ru
Sif Muna
Trog
Uskayaw
Vehumet
Wu Jian
Xom
Yredelemnul
The Shining One

Annotations:
D:5 Grinder


Innate Abilities, Weirdness & Mutations

You can breathe wild blasts of lightning.
Your glossy black scales are hard. (AC +6)
You cannot fit into any form of body armour.
You are resistant to electric shocks. (rElec)
You are cold-blooded and may be slowed by cold attacks.
You tend to lose your temper in combat.
You can translocate small distances at will.
You are frail. (-10% HP)
You are resistant to hostile enchantments. (MR+)
You evolve.


Message History

You are no longer poisoned.
Grinder gestures at you.
You suddenly lose the ability to move!
Your crimson imp barely misses Grinder.
Grinder hits you but does no damage.
Your crimson imp blinks!
Grinder completely misses you. Grinder gestures at you.
Pain shoots through your body! Grinder hits you!
You writhe in agony.
* * * LOW HITPOINT WARNING * * *
Your crimson imp blinks!
Grinder gestures at you. You resist with almost no effort. Grinder hits you.
* * * LOW HITPOINT WARNING * * *
You writhe in agony.
* * * LOW HITPOINT WARNING * * *
Grinder gestures at you. Pain shoots through your body!
You die...

#........ #.....# #...5.#
#.)...#####
#####...5.#...## ........
#...(#####.....##..........
#....# #..................
#..!.####........#.........
#>.....†..@55....#.........
#†...#####.................
#.....# #..................
#####..##................).
#..........[##........#
#............##........#
###...##...#######.#...#
#..#.###..# ##...##..#
#........#####...####.#


You could see Grinder and a friendly crimson imp.

Vanquished Creatures
  Eustachio (D:4)
  A centaur (D:5)
  A bullfrog skeleton (D:4)
  A centaur skeleton (D:5)
  3 worker ants
  A gnoll (D:2)
  An adder (D:4)
  A shadow imp (D:5)
  An ooze (D:3)
  An adder zombie (D:5)
  An adder skeleton (D:5)
  5 worms
  3 dart slugs
  3 leopard geckos
  3 orcs (D:3)
  9 bats
  3 giant cockroaches
  10 goblins
  9 hobgoblins
  5 jackals
  8 kobolds
  2 quokkas (D:5)
  A ball python (D:2)
  A ball python skeleton (D:5)
  6 frilled lizards
  A leopard gecko zombie (D:4)
  4 rats
86 creatures vanquished.

Vanquished Creatures (collateral kills)
  Menkaure (D:4)
  Duvessa (D:4)
  A centaur (D:5)
  Dowan (D:4)
  A scorpion (D:4)
  An iguana (D:3)
  2 worker ants
  Robin (D:2)
  3 gnolls (D:2)
  An adder (D:5)
  An adder skeleton (D:4)
  A bat (D:3)
  3 goblins (D:2)
  5 hobgoblins (D:2)
  A quokka (D:4)
  A frilled lizard (D:4)
  A kobold (D:2)
26 creatures vanquished.

Grand Total: 112 creatures vanquished

Notes
Turn   | Place    | Note
-------+----------+-------------------------------------------
     0 | D:1      | IBeShadow the Draconian Summoner began the quest for the
                  | Orb.
     0 | D:1      | Reached XP level 1. HP: 14/14 MP: 3/3
   356 | D:1      | Reached XP level 2. HP: 9/22 MP: 1/5
   587 | D:1      | Reached skill level 1 in Fighting
  1472 | D:2      | Reached XP level 3. HP: 28/28 MP: 6/6
  1759 | D:2      | Learned a level 2 spell: Call Imp
  2051 | D:2      | Found a snail-covered altar of Cheibriados.
  2113 | D:2      | Reached XP level 4. HP: 18/36 MP: 2/8
  2360 | D:2      | Noticed Robin
  2377 | D:2      | Killed Robin
  2414 | D:2      | Found a glowing golden altar of the Shining One.
  2463 | D:2      | Reached skill level 1 in Shields
  2926 | D:3      | Found a hide-covered altar of Uskayaw.
  2967 | D:3      | Gained mutation: You have large cloven feet. [potion of
                  | mutation]
  2967 | D:3      | Gained mutation: You are frail. (-10% HP) [potion of
                  | mutation]
  2967 | D:3      | Gained mutation: You tend to lose your temper in combat.
                  | [potion of mutation]
  2967 | D:3      | Gained mutation: You expend magic power (3 MP) to
                  | strengthen your wands. [potion of mutation]
  2995 | D:3      | Lost mutation: You have large cloven feet. [potion of
                  | mutation]
  2995 | D:3      | Lost mutation: You expend magic power (3 MP) to strengthen
                  | your wands. [potion of mutation]
  2995 | D:3      | Gained mutation: You evolve. [potion of mutation]
  2995 | D:3      | Gained mutation: You are resistant to hostile enchantments.
                  | (MR+) [potion of mutation]
  2995 | D:3      | Gained mutation: You can translocate small distances at
                  | will. [potion of mutation]
  3222 | D:3      | Reached XP level 5. HP: 22/37 MP: 9/9
  3358 | D:3      | Reached skill level 1 in Polearms
  3984 | D:4      | HP: 1/37 [poisoned by a scorpion]
  3995 | D:4      | Reached skill level 5 in Summonings
  4434 | D:4      | Found a staircase to the Ecumenical Temple.
  4445 | D:4      | Noticed Menkaure
  4447 | Temple   | Entered the Ecumenical Temple
  4582 | Temple   | Became a worshipper of Ashenzari the Shackled
  4627 | D:4      | Killed Menkaure
  4627 | D:4      | Reached XP level 6. HP: 24/45 MP: 5/10
  4777 | D:4      | Noticed Eustachio
  5122 | D:4      | Killed Eustachio
  5514 | D:4      | Noticed Dowan
  5514 | D:4      | Noticed Duvessa
  5532 | D:4      | Killed Duvessa
  5576 | D:4      | Killed Dowan
  5576 | D:4      | Your scales start taking on a glossy black colour.
  5576 | D:4      | Reached XP level 7. HP: 12/51 MP: 12/12
  5576 | D:4      | Gained mutation: You are resistant to electric shocks.
                  | (rElec) [Black Draconian growth]
  6037 | D:5      | Entered Level 5 of the Dungeon
  6537 | D:5      | Found a shadowy altar of Dithmenos.
  6573 | D:5      | Noticed Grinder
  6638 | D:5      | Paralysed by Grinder for 7 turns
  6644 | D:5      | HP: 2/52 [Grinder (6)]
  6645 | D:5      | Killed from afar by Grinder

Skill      XL: |  1  2  3  4  5  6  7 |
---------------+----------------------+-----
Fighting       | 1 2 3 |  3.9
Shields        | 1 2 |  2.9
Spellcasting   | 3 |  3.9
Polearms       | 2 3 4 |  4.0
Summonings     | 5 |  5.6
Dodging        | |  1.7
Stealth        | |  1.7

Action                   |  1- 3 |  4- 6 |  7- 9 || total
-------------------------+-------+-------+-------++-------
Melee: Unarmed           |    18 |       |       ||    18
       Club              |   172 |     7 |       ||   179
       Tailslap          |    23 |    26 |     8 ||    57
       Spear             |       |   249 |   103 ||   352
 Cast: Summon Small Mamm |     2 |     2 |       ||     4
       Call Imp          |     3 |    41 |    10 ||    54
 Abil: Breathe Lightning |       |       |     4 ||     4
  Use: Potion            |       |     2 |     2 ||     4
 Stab: Sleeping          |     6 |     4 |     3 ||    13
       Distracted        |     1 |     2 |       ||     3
  Eat: Chunk             |     4 |     9 |     1 ||    14
       Ration            |       |     1 |     1 ||     2
Armor: Skin              |    67 |    96 |    34 ||   197
Dodge: Dodged            |   156 |   146 |    48 ||   350
Block: Buckler           |     4 |    44 |    25 ||    73
